 Dungeon Crawl Stone Soup version 0.29.1-12-g30fa7ad0bf (webtiles) character file.

Game seed: 17005435454543532191

340 wormed the Shooter (level 6, 0/32 HPs)
             Began as a Spriggan Hunter on Dec 24, 2022.
             Killed from afar by Sigmund (5 damage)
             ... with a magic dart
             ... on level 3 of the Dungeon.
             The game lasted 00:07:28 (2172 turns).

wormed the Shooter (Spriggan Hunter)                Turns: 2172, Time: 00:07:29

Health: 0/32       AC:  2    Str:  7    XL:     6   Next: 30%
Magic:  7/7        EV: 19    Int: 10    God:
Gold:   149        SH:  0    Dex: 27    Spells: 5/5 levels left

rFire   . . .      SeeInvis +   a - +0 shortbow
rCold   . . .      Faith    .   (shield currently unavailable)
rNeg    . . .      Spirit   .   c - +0 robe
rPois   .          Reflect  .   (helmet restricted)
rElec   .          Harm     .   (no cloak)
rCorr   .          Rampage  .   (gloves unavailable)
Will    +....                   (boots unavailable)
Stlth   +++.......              (no amulet)
HPRegen 0.10/turn               g - +6 ring of dexterity
MPRegen 0.10/turn               (no ring)

@: very quick
A: very small, no large weapons, unfitting armour, see invisible, speed 3
a: no special abilities


You were on level 3 of the Dungeon.
You visited 1 branch of the dungeon, and saw 3 of its levels.

You collected 149 gold pieces.

Inventory:

Hand Weapons
 a - a +0 shortbow (weapon)
Armour
 c - a +0 robe (worn)
Jewellery
 d - a ring of wizardry
 g - a +6 ring of dexterity (left hand)
 l - an amulet of guardian spirit
Wands
 p - a wand of paralysis (9)
 q - a wand of flame (17)
Scrolls
 b - a scroll of immolation
 e - a scroll of noise {unknown}
 f - a scroll of amnesia {unknown}
 h - a scroll of magic mapping {unknown}
 m - 2 scrolls of identify {unknown}
Potions
 i - a potion of lignification {unknown}
 j - a potion of resistance {unknown}
 k - 2 potions of mutation {unknown}
 n - 2 potions of heal wounds {unknown}
 o - a potion of invisibility {unknown}
 r - a potion of magic {unknown}
 s - a potion of berserk rage {unknown}


   Skills:
 + Level 3.3 Fighting
 + Level 5.4 Ranged Weapons
 + Level 2.5 Armour
 - Level 3.0 Dodging
 - Level 2.0 Stealth


You had 5 spell levels left.
You didn't know any spells.
Your spell library contained the following spells:

 Spells                   Type           Power      Damage    Failure   Level
 Static Discharge         Conj/Air       0%         3-3/arc   50%         2
 Dispel Undead            Necr           0%         3d6       98%         4
 Sticky Flame             Conj/Fire      0%         2d3       98%         4
 Iskenderun's Battlesphe  Conj           0%         2d6       100%        5
 Summon Forest            Summ/Tloc      0%         N/A       100%        5
 Summon Mana Viper        Hex/Summ       0%         N/A       100%        5
 Eringya's Noxious Bog    Tmut/Pois      0%         N/A       100%        6
 Iron Shot                Conj/Erth      0%         9d1       100%        6
 Summon Cactus Giant      Summ           0%         N/A       100%        6
 Spellforged Servitor     Conj/Summ      0%         N/A       100%        7
 Summon Hydra             Summ           0%         N/A       100%        7


Dungeon Overview and Level Annotations

Branches:
Dungeon (3/15)

Altars:

Annotations:
D:3 Sigmund


Innate Abilities, Weirdness & Mutations

You are very small and have problems with some larger weapons.
You are too small for most types of armour.
You have supernaturally acute eyesight. (SInv)
You cover ground extremely quickly. (Speed+++)


Message History

q - a wand of flame (17);
r - a glowing green potion
Things that are here:
a +0 club; a +0 robe; the human corpse of Jessica You see here a +0 robe.
s - a metallic white potion You pick up a Fen Folio and begin reading...
You add the spells Eringya's Noxious Bog and Summon Hydra to your library.
You now have 149 gold pieces (gained 12).
Found 2 stones.
Sigmund the Dreaded comes into view.
He is wielding a +1 vampiric scythe and carrying a wand of quicksilver (7).
Sigmund is nearby!
Sigmund is nearby!
Sigmund is nearby!
Fire: a) +0 shortbow
Press: ? - help, Q - select action, (/) - cycle Shift-Dir - straight line, f - Sigmund
Aim: Sigmund, wielding a +1 vampiric scythe, wearing a +0 robe and carrying a wand of quicksilver (7) (asleep, 98% to hit)
You shoot an arrow. The arrow hits Sigmund.
Sigmund is moderately wounded.
Sigmund zaps a wand.
The bolt of dispelling energy hits you!
Ouch! That really hurt!
Fire: a) +0 shortbow
Press: ? - help, Q - select action, (/) - cycle Shift-Dir - straight line, f/p - Sigmund
Aim: Sigmund, wielding a +1 vampiric scythe, wearing a +0 robe and carrying a wand of quicksilver (6) (moderately wounded, 65% to hit)
You shoot an arrow. The arrow hits Sigmund!
Sigmund is heavily wounded.
Fire: a) +0 shortbow
Press: ? - help, Q - select action, (/) - cycle Shift-Dir - straight line, f/p - Sigmund
Aim: Sigmund, wielding a +1 vampiric scythe, wearing a +0 robe and carrying a wand of quicksilver (6) (heavily wounded, 65% to hit)
You shoot an arrow. The arrow closely misses Sigmund.
Sigmund zaps a wand.
The bolt of dispelling energy misses you.
Fire: a) +0 shortbow
Press: ? - help, Q - select action, (/) - cycle Shift-Dir - straight line, f/p - Sigmund
Aim: Sigmund, wielding a +1 vampiric scythe, wearing a +0 robe and carrying a wand of quicksilver (5) (heavily wounded, 65% to hit)
You shoot an arrow. The arrow closely misses Sigmund.
Sigmund zaps a wand.
The bolt of dispelling energy hits you!
* * * LOW HITPOINT WARNING * * *
Sigmund gestures at you while chanting. The magic dart hits you.
You die...

.....[...###
............. ....
............. .@.
...##.#...### #..
......#..... ...
....#.....### #.#
..........######.#
......[........#.#
...............#@#######
...............#........
...#.###...............#
.#.#.# ##.####.#.#######
.#.#.# #.# #.#.#
.#.#.####.####.#.#
...#.............#
##.#########.#(### #.#
#.#.#


You could see Sigmund.

Vanquished Creatures
  Grinder (D:3)
  Jessica (D:3)
  An iguana (D:2)
  An adder (D:2)
  3 worms (D:2)
  A dart slug (D:1)
  4 orcs (D:3)
  7 endoplasms
  3 giant cockroaches
  5 goblins
  3 hobgoblins (D:1)
  8 jackals (D:1)
  7 kobolds
  2 quokkas (D:1)
  7 ball pythons
  6 bats
  A frilled lizard (D:2)
  6 rats
67 creatures vanquished.

Notes
Turn   | Place    | Note
-------+----------+-------------------------------------------
     0 | D:1      | wormed the Spriggan Hunter began the quest for the Orb.
     0 | D:1      | Reached XP level 1. HP: 10/10 MP: 2/2
   126 | D:1      | Reached XP level 2. HP: 15/15 MP: 3/3
   657 | D:1      | Reached XP level 3. HP: 18/18 MP: 4/4
   945 | D:2      | Reached skill level 1 in Armour
  1122 | D:2      | Reached XP level 4. HP: 23/23 MP: 5/5
  1548 | D:3      | Noticed Grinder
  1581 | D:3      | Killed Grinder
  1582 | D:3      | Reached skill level 5 in Ranged Weapons
  1582 | D:3      | Reached XP level 5. HP: 22/28 MP: 6/6
  1582 | D:3      | Reached XP level 6. HP: 26/32 MP: 7/7
  2001 | D:3      | Noticed Jessica
  2004 | D:3      | Killed Jessica
  2168 | D:3      | Noticed Sigmund
  2172 | D:3      | Killed from afar by Sigmund

Illustrated notes

Levels and vault maps discovered:
D:1:      spicycebolla_arrival_ecumenical, layout_basic
D:2:      layout_rooms, dreamdust_princess_bridge
D:3:      layout_basic, serial_curves, eino_curves_01, eino_curves_03,
          eino_curves_03, uniq_jessica, uniq_sigmund, uniq_grinder

Skill      XL: |  1  2  3  4 |
---------------+-------------+-----
Stealth        | 2 |  2.0
Dodging        | 3 |  3.0
Fighting       | 2 3 |  3.3
Armour         | 1 2 |  2.5
Ranged Weapons | 5 |  5.4

Action                   |  1- 3 |  4- 6 || total
-------------------------+-------+-------++-------
 Fire: Shortbow          |   113 |    55 ||   168
Armor: Robe              |     6 |     1 ||     7
Dodge: Dodged            |    46 |    10 ||    56
